 Dungeon Crawl Stone Soup version 0.27.0-1-g7a089689b8 (webtiles) character file.

Game seed: 9684003772871963316

191 ZombieSheep the Chopper (level 5, -2/47 HPs)
             Began as a Hill Orc Monk on Aug 3, 2021.
             Was a Believer of Makhleb.
             Slain by a centaur (5 damage)
             ... on level 4 of the Dungeon.
             The game lasted 00:06:10 (3135 turns).

ZombieSheep the Chopper (Hill Orc Monk)             Turns: 3135, Time: 00:06:10

Health: -2/47      AC:  8    Str: 15    XL:     5   Next: 70%
Magic:  6/6        EV: 11    Int: 10    God:    Makhleb [**....]
Gold:   174        SH:  0    Dex: 13    Spells: 4/4 levels left

rFire    . . .     SeeInvis .   a - +0 hand axe
rCold    . . .     Faith    .   (no shield)
rNeg     . . .     Spirit   .   b - +0 ring mail
rPois    .         Reflect  .   (no helmet)
rElec    .         Harm     .   (no cloak)
rCorr    .         Rampage  .   g - +2 pair of gloves
Will     .....                  (no boots)
Stlth    +.........             (no amulet)
HPRegen  0.15/turn              (no ring)
MPRegen  0.10/turn              (no ring)

@: no status effects
A: no striking features
a: Renounce Religion, Minor Destruction


You were on level 4 of the Dungeon.
You worshipped Makhleb.
Makhleb was pleased with you.
You visited 1 branch of the dungeon, and saw 4 of its levels.

You collected 174 gold pieces.

Inventory:

Hand Weapons
 a - a +0 hand axe (weapon)
Armour
 b - a +0 ring mail (worn)
 g - a +2 pair of gloves (worn)
Scrolls
 d - a scroll of summoning
 f - 4 scrolls of teleportation
Potions
 c - a potion of curing {unknown}
 e - a potion of heal wounds
 h - a potion of resistance {unknown}
 i - a potion of degeneration {unknown}


   Skills:
 + Level 4.6 Fighting
 + Level 5.7 Axes
 + Level 2.2 Armour
 + Level 3.1 Dodging
 - Level 1.5 Stealth
 + Level 1.7 Invocations


You had 4 spell levels left.
You didn't know any spells.
Your spell library was empty.

Dungeon Overview and Level Annotations

Branches:
Dungeon (4/15)
 Temple: D:4-7

Altars:
Ashenzari
Gozag
Makhleb
Sif Muna
Xom


Message History

You are too injured to fight recklessly!
You are too injured to fight recklessly!
The centaur shoots an arrow.
The arrow hits you!
* * * LOW HITPOINT WARNING * * *
Found a stone staircase leading down.
The centaur unwields a +0 shortbow.
The centaur misses you.
The centaur kicks you but does no damage.
The centaur barely misses you.
The centaur kicks you but does no damage.
You hit the centaur.
The centaur is lightly wounded.
The centaur hits you but does no damage.
The centaur kicks you but does no damage.
You hit the centaur.
The centaur is moderately wounded.
The centaur hits you.
* * * LOW HITPOINT WARNING * * *
The centaur closely misses you. x3
You hit the centaur.
The centaur is moderately wounded.
The centaur hits you but does no damage.
The centaur kicks you but does no damage.
You barely miss the centaur.
The centaur is moderately wounded.
The centaur hits you.
* * * LOW HITPOINT WARNING * * *
The centaur kicks you but does no damage.
The centaur hits you but does no damage.
The centaur closely misses you.
You completely miss the centaur.
The centaur is moderately wounded.
The centaur hits you.
* * * LOW HITPOINT WARNING * * *
The centaur misses you.
You hit the centaur.
The centaur is heavily wounded.
The centaur misses you.
The centaur kicks you but does no damage.
The centaur hits you.
You die...

.................
..............†.##.###..
.... ...........##.###..
...................†)...
....> ......#....##.##..
......#.#.#....##.##..
#.#..#.#.#......##.##..
#....c.......>.........
.# #@#.#.#....##.##.. ..
#.#.#.#......>###. .
#.#.#....#.#..###.
#.#.#.#...........#.
...##.#.............#.#.
........#.#....###.###..
##....#.#.###..###'###..
..............##≈≈.≈≈###
..........<...#≈≈≈.≈≈≈#


You could see a centaur.

Vanquished Creatures
  An ogre (D:4)
  An orc wizard (D:3)
  A hound skeleton (D:2)
  A worm (D:2)
  4 dart slugs
  8 orcs (D:3)
  3 ball pythons
  7 endoplasms
  2 giant cockroaches
  7 goblins
  4 hobgoblins
  4 jackals
  5 kobolds
  A quokka (D:3)
  A bat (D:1)
  4 frilled lizards
  3 rats
57 creatures vanquished.

Vanquished Creatures (others)
  4 fungi (D:1)
  A plant (D:1)
5 creatures vanquished.

Grand Total: 62 creatures vanquished

Notes
Turn   | Place    | Note
-------+----------+-------------------------------------------
     0 | D:1      | ZombieSheep the Hill Orc Monk began the quest for the Orb.
     0 | D:1      | Reached XP level 1. HP: 19/19 MP: 1/1
   383 | D:1      | Found a faded altar of an unknown god.
   412 | D:1      | Reached XP level 2. HP: 20/27 MP: 2/2
   998 | D:1      | Reached skill level 1 in Armour
  1083 | D:1      | Reached XP level 3. HP: 28/32 MP: 3/3
  1552 | D:2      | Reached skill level 5 in Axes
  2001 | D:3      | Found a broken altar of Ashenzari.
  2002 | D:3      | Found a shimmering altar of Xom.
  2003 | D:3      | Found an opulent altar of Gozag.
  2004 | D:3      | Found a burning altar of Makhleb.
  2007 | D:3      | Became a worshipper of Makhleb the Destroyer
  2007 | D:3      | Reached * piety under Makhleb
  2007 | D:3      | Reached ** piety under Makhleb
  2034 | D:3      | Reached XP level 4. HP: 40/40 MP: 4/4
  2415 | D:3      | Reached skill level 1 in Invocations
  2790 | D:3      | Reached XP level 5. HP: 46/47 MP: 5/5
  2897 | D:4      | Noticed an ogre
  2906 | D:4      | Killed an ogre
  3108 | D:4      | Found a shimmering blue altar of Sif Muna.
  3123 | D:4      | Noticed a centaur
  3135 | D:4      | Slain by a centaur

Illustrated notes

Levels and vault maps discovered:
D:1:      enne_arrival_octagon_isle, layout_basic,
          shapermc_ecumenical_altar_hornbeckon
D:2:      layout_loops_ring
D:3:      layout_rooms, mainiacjoe_overflow_alcove_3, lemuel_old_faithful
D:4:      layout_basic, amcnicky_altar_gilded, kennysheep_vampire_church,
          led_sif_pool, chequers_decorated_corner

Skill      XL: |  1  2  3  4  5 |
---------------+----------------+-----
Armour         | 1 2 |  2.2
Fighting       | 4 |  4.6
Axes           | 5 |  5.7
Invocations    | 1 |  1.7
Dodging        | 3 |  3.1
Stealth        | |  1.5

Action                   |  1- 3 |  4- 6 || total
-------------------------+-------+-------++-------
Melee: Hand axe          |    92 |    92 ||   184
Invok: Minor Destruction |       |     2 ||     2
  Use: Scroll            |     6 |     2 ||     8
 Stab: Sleeping          |     2 |       ||     2
Armor: Robe              |     4 |       ||     4
       Leather armour    |    18 |    11 ||    29
       Ring mail         |       |    19 ||    19
Dodge: Dodged            |    36 |    60 ||    96
